cohdb
Replays
Latest Replays
All Replays
Popular Replays
Top Player Replays
Match Explorer
How It Works
Community
CoH3 Stats
Reddit
Sign in to upload your games and track your stats! →
Sign in with Steam
Match 41775483
Unlisted
Match 41775483
Overview
Messages
Build Orders
End
Pioneer Squad
Construct Infanterie Kompanie
Kettenkrad Recon Vehicle
Grenadier Squad
Grenadier Squad
Construct Panzergrenadier Kompanie
Panzergrenadier Squad
251 Medium Carrier
Medical Bunker
Selects Terror Battlegroup
Selects Interrogate
Selects Heavy Gunnery
Panzergrenadier Squad
Panzergrenadier Officer Quarters
Panzergrenadier Squad
Pak 40 Anti-tank Gun Team
Construct Panzer Kompanie
Panzer IV Medium Tank
Panzer Officer Quarters
Side Skirts
Stoßtruppen Squad
Selects No Quarter
Selects Defend the Fatherland
Stoßtruppen Squad
Selects King Tiger Heavy Tank
King Tiger Heavy Tank
Pioneer Squad
SenkZ
Sarmynation
0
0
Comments
sign in to comment!
No comments posted yet!